 Dungeon Crawl Stone Soup version 0.29.1-12-g30fa7ad0bf (webtiles) character file.

Game seed: 17492463261062464839

688 mandoloar the Conjurer (level 7, -4/60 HPs)
             Began as a Deep Elf Conjurer on Dec 23, 2022.
             Slain by Edmund
             ... wielding a +4 flail of holy wrath
              (6 damage)
             ... on level 5 of the Dungeon.
             The game lasted 00:14:44 (6261 turns).

mandoloar the Conjurer (Deep Elf Conjurer)          Turns: 6261, Time: 00:14:44

Health: -4/60      AC: 23    Str:  4    XL:     7   Next: 36%
Magic:  13/17      EV:  2    Int: 25    God:
Gold:   242        SH:  0    Dex: 13    Spells: 10/17 levels left

rFire   . . .      SeeInvis .   n - +8 scythe
rCold   . . .      Faith    .   (shield currently unavailable)
rNeg    . . .      Spirit   .   (body armour currently unavailable)
rPois   +          Reflect  .   (helmet currently unavailable)
rElec   .          Harm     .   (cloak currently unavailable)
rCorr   .          Rampage  .   (gloves currently unavailable)
Will    .....      NoTele   +   (boots currently unavailable)
Stlth   +++.......              (no amulet)
HPRegen 0.20/turn               (no ring)
MPRegen 0.15/turn               (no ring)

@: tree-form
A: stationary, stasis, torment immunity, boosted hp
a: no special abilities


You were on level 5 of the Dungeon.
You were a tree.
You visited 1 branch of the dungeon, and saw 5 of its levels.

You collected 242 gold pieces.

Inventory:

Hand Weapons
 h - a +2 short sword of electrocution
 n - a +8 scythe (weapon)
Missiles
 m - a throwing net
Armour
 f - a +0 cloak (melded)
 k - a +0 ring mail (melded)
Scrolls
 a - a scroll of teleportation {unknown}
 d - 2 scrolls of fog
 l - 2 scrolls of identify
Potions
 e - a potion of heal wounds {unknown}
 g - 3 potions of might
 i - a potion of berserk rage
 j - a potion of invisibility {unknown}


   Skills:
 + Level 2.6 Fighting
 + Level 4.8 Dodging
 + Level 5.2 Stealth
 + Level 5.6 Spellcasting
 + Level 5.9 Conjurations


You had 10 spell levels left.
You knew the following spells:

 Your Spells              Type           Power      Damage    Failure   Level
a - Magic Dart            Conj           100%       1d8       1%          1
b - Searing Ray           Conj           72%        2d7       1%          2
c - Fulminant Prism       Conj/Hex       10%        3d9       22%         4

Your spell library contained the following spells:

 Spells                   Type           Power      Damage    Failure   Level
 Dazzling Flash           Conj/Hex       42%        N/A       7%          3
 Iskenderun's Mystic Bla  Conj/Tloc      21%        2d6       22%         4


Dungeon Overview and Level Annotations

Branches:
Dungeon (5/15)
 Temple: D:4-7

Altars:
The Shining One

Shops:
D:4 (

Annotations:
D:5 Edmund


Message History

Press: ? - help, Shift-Dir - straight line, f/p - Edmund
Aim: Edmund, wielding a +4 flail of holy wrath and wearing a +0 chain mail (lightly wounded, 86% to hit)
The searing ray hits Edmund.
Edmund is moderately wounded. (Press . to maintain the ray.) Edmund hits you with a +4 flail of holy wrath.
The searing ray hits Edmund.
Edmund is moderately wounded.
Edmund hits you with a +4 flail of holy wrath!
* * * LOW HITPOINT WARNING * * *
Really quaff the potion of lignification? [Y]es or [N]o only, please.
Really quaff the potion of lignification?
You turn into a tree.
Your +0 cloak melds into your body.
Your +0 ring mail melds into your body.
Your roots penetrate the ground.
Edmund hits you with a +4 flail of holy wrath.
* * * LOW HITPOINT WARNING * * *
Magic courses through your body. Edmund hits you but does no damage.
Casting: Searing Ray (safe; 1% risk of failure)
Confirm with . or Enter, or press ? or * to list all spells.
Aiming: Searing Ray (safe; 1% risk of failure)
Press: ? - help, Shift-Dir - straight line, f/p - Edmund
Aim: Edmund, wielding a +4 flail of holy wrath and wearing a +0 chain mail (moderately wounded, 86% to hit)
The searing ray hits Edmund but does no damage.
Edmund is moderately wounded. (Press . to maintain the ray.) Edmund hits you but does no damage.
The searing ray hits Edmund.
Edmund is moderately wounded.
Edmund hits you with a +4 flail of holy wrath.
* * * LOW HITPOINT WARNING * * *
The searing ray hits Edmund!
Edmund is heavily wounded.
Edmund barely misses you.
The searing ray misses Edmund.
You finish channelling your searing ray.
Edmund hits you with a +4 flail of holy wrath.
* * * LOW HITPOINT WARNING * * *
Edmund hits you with a +4 flail of holy wrath.
You die...

...# ##...## #.......#
##### ##.....## ##.####.#
....###.......###..#.##
......................#
.....################....
...P.#..#.....~# ..# ...
.....#........~# ..# #
.....#..###.######..#
...###.##[#.....♣@..#
#..#...#...........##
>..#...............)#
#..#########[.#######
##...................
#.######...#...###.#
#.#####......#.....
#..............####
#########.######


You could see Edmund.

Vanquished Creatures
  Sigmund (D:5)
  2 ogres
  A scorpion (D:4)
  2 jellies (D:4)
  A hound (D:4)
  An iguana (D:4)
  6 gnolls (D:5)
  An adder (D:3)
  A shadow imp (D:5)
  A worm (D:4)
  A dart slug (D:2)
  8 orcs
  3 bats (D:2)
  4 endoplasms
  5 giant cockroaches
  9 goblins
  9 hobgoblins
  13 jackals
  4 quokkas
  9 ball pythons
  2 frilled lizards (D:1)
  8 kobolds
  6 rats
98 creatures vanquished.

Vanquished Creatures (others)
  A plant (D:5)
1 creature vanquished.

Grand Total: 99 creatures vanquished

Notes
Turn   | Place    | Note
-------+----------+-------------------------------------------
     0 | D:1      | mandoloar the Deep Elf Conjurer began the quest for the
                  | Orb.
     0 | D:1      | Reached XP level 1. HP: 10/10 MP: 6/6
   240 | D:1      | Reached XP level 2. HP: 9/15 MP: 1/8
   306 | D:1      | Learned a level 2 spell: Searing Ray
  1107 | D:1      | Reached XP level 3. HP: 20/20 MP: 7/10
  2088 | D:2      | Found a faded altar of an unknown god.
  2804 | D:2      | Reached XP level 4. HP: 9/24 MP: 7/11
  3183 | D:3      | Reached skill level 1 in Fighting
  3197 | D:3      | Learned a level 4 spell: Fulminant Prism
  3433 | D:3      | Found a glowing golden altar of the Shining One.
  4051 | D:4      | Found Alaxt's Weapon Shop.
  4100 | D:4      | Reached skill level 5 in Conjurations
  4162 | D:4      | Noticed a scorpion
  4167 | D:4      | Killed a scorpion
  4168 | D:4      | Reached XP level 5. HP: 29/29 MP: 6/13
  4456 | D:4      | Noticed an ogre
  4509 | D:4      | HP: 1/30 [ogre/+0 giant club (29)]
  4510 | D:4      | Killed an ogre
  4511 | D:4      | Reached XP level 6. HP: 1/35 MP: 5/15
  5211 | D:4      | Reached skill level 5 in Spellcasting
  5502 | D:5      | Entered Level 5 of the Dungeon
  5868 | D:5      | Reached XP level 7. HP: 40/40 MP: 8/16
  5993 | D:5      | Noticed Sigmund
  6005 | D:5      | Killed Sigmund
  6006 | D:5      | Reached skill level 5 in Stealth
  6246 | D:5      | Noticed Edmund
  6260 | D:5      | HP: 2/60 [Edmund/+4 flail of holy wrath (4)]
  6261 | D:5      | Slain by Edmund

Illustrated notes

Levels and vault maps discovered:
D:1:      wheals_arrival_shading, layout_basic
D:2:      layout_rooms, shapermc_ecumenical_altar_flowoftime
D:3:      layout_basic, tso_oasis_becter, kennysheep_small_spiral,
          kennysheep_cluttered_room
D:4:      layout_loops_ring, serial_shops, shop
D:5:      layout_loops_corners, cheibrodos_worm_habitat,
          sigmund_edmund_badplayer, uniq_duvessa

Skill      XL: |  1  2  3  4  5  6  7 |
---------------+----------------------+-----
Stealth        | 3 4 5 |  5.2
Dodging        | 3 4 |  4.8
Fighting       | 1 2 |  2.6
Spellcasting   | 4 5 |  5.6
Conjurations   | 5 |  5.9

Action                   |  1- 3 |  4- 6 |  7- 9 || total
-------------------------+-------+-------+-------++-------
Melee: Short sword       |     6 |       |       ||     6
 Cast: Magic Dart        |    53 |    30 |     1 ||    84
       Searing Ray       |    30 |    24 |     6 ||    60
  Use: Scroll            |     4 |     2 |       ||     6
       Potion            |       |       |     2 ||     2
Armor: Robe              |     2 |       |       ||     2
       Leather armour    |     8 |       |       ||     8
       Ring mail         |       |     3 |       ||     3
       Skin              |       |       |     2 ||     2
Dodge: Dodged            |    22 |     3 |     4 ||    29
